 Dungeon Crawl Stone Soup version 0.31.0-11-ge490571c62 (webtiles) character file.

Game seed: 12763447176451685350

3197 qw the Skirmisher (level 9, -27/52 HPs)
             Began as a Deep Elf Hunter on Feb 4, 2024.
             Was a Follower of Okawaru.
             Annihilated by a reaper
             ... wielding a +3 scythe of venom
              (32 damage)
             ... on level 1 of the Abyss.
             The game lasted 00:00:33 (5036 turns).

qw the Skirmisher (Deep Elf Hunter)                 Turns: 5036, Time: 00:00:33

Health: -27/52     AC: 11    Str: 12    XL:     9   Next: 64%
Magic:  10/12      EV: 21    Int: 15    God:    Okawaru [*.....]
Gold:   329        SH:  5    Dex: 24    Spells: 8/8 levels left

rFire   . . .        j - +6 shortbow (freeze)
rCold   + + .        (shield currently unavailable)
rNeg    . . .        m - +2 ring mail {rC+}
rPois   .            h - +2 helmet
rElec   .            (no cloak)
rCorr   .            (no gloves)
SInv    .            (no boots)
Will    .....        g - amulet of reflection
Stlth   +++          e - +6 ring of dexterity
HPRegen 0.28/turn    c - ring of protection from cold
MPRegen 0.13/turn

%: reflection
@: lethally poisoned (-27 -> -68), heroic
A: no striking features
a: Renounce Religion, Heroism


You were on level 1 of the Abyss.
You worshipped Okawaru.
Okawaru was aware of your devotion.
You visited 2 branches of the dungeon, and saw 8 of its levels.
You visited the Abyss 1 time.

You collected 329 gold pieces.


   Skills:
 - Level 4.0(9.0) Fighting
 - Level 14.0(19.0) Ranged Weapons
 + Level 1.9(6.9) Armour
 - Level 8.9(13.9) Dodging
 - Level 1.2(6.2) Stealth
 + Level 2.1 Invocations


You had 8 spell levels left.
You didn't know any spells.
Your spell library was empty.

Inventory:

Hand Weapons
 j - a +6 shortbow of freezing (weapon)
Armour
 h - a +2 helmet (worn)
 m - a +2 ring mail of cold resistance (worn)
Jewellery
 c - a ring of protection from cold (right hand)
 e - a +6 ring of dexterity (left hand)
 g - an amulet of reflection (around neck)
 o - a +6 ring of strength
Wands
 f - a wand of charming (5)
 k - a wand of light (2)
Potions
 a - a potion of heal wounds {unknown}
 d - 2 potions of mutation
 l - 4 potions of curing

Dungeon Overview and Level Annotations

Branches:
Dungeon (7/15)             Temple (1/1) D:6

Altars:
Ashenzari
Cheibriados
Dithmenos
Elyvilon
Fedhas
Gozag
Hepliaklqana
Kikubaaqudgha
Makhleb
Nemelex Xobeh
Okawaru
Qazlal
Ru
Sif Muna
Trog
Uskayaw
Vehumet
Wu Jian
Xom
Yredelemnul
Zin
The Shining One


Message History

The arrow freezes the small abomination.
The small abomination is almost destroyed.
The small abomination closely misses you.
You shoot an arrow.
The arrow hits the small abomination but does no damage.
The small abomination is almost destroyed.
The small abomination hits you.
You shoot an arrow. The arrow hits the small abomination!
The arrow freezes the small abomination.
You destroy the small abomination!
Okawaru accepts your kill.
Your Invocations skill increases to level 2!
A reaper is nearby!
You shoot an arrow.
The arrow hits the reaper but does no damage.
You shoot an arrow.
The arrow hits the reaper but does no damage.
You shoot an arrow.
The arrow hits the reaper but does no damage.
You shoot an arrow. The arrow hits the reaper.
The reaper is lightly wounded.
You shoot an arrow.
The arrow hits the reaper but does no damage.
The reaper is lightly wounded.
You shoot an arrow. The arrow hits the reaper!
The arrow freezes the reaper.
The reaper is lightly wounded.
The reaper closely misses you.
You shoot an arrow.
The arrow hits the reaper but does no damage.
The reaper is lightly wounded.
The reaper hits you from afar with a +3 scythe of venom!!!
Ouch! That really hurt!
The reaper drags you backwards!
You are lethally poisoned!
You shoot an arrow. The arrow hits the reaper.
The reaper is moderately wounded.
You feel extremely sick.
The reaper hits you with a +3 scythe of venom!!
Ouch! That really hurt!
You die...

.. ....... ...
.................#
..................
#..............#
.................
.................
..............#
................#
#.........@2...#.
. ...####..#...#
### ..#...##.#
####.#.# ####.# ..
... .#


You could see a reaper.

Vanquished Creatures
  A large abomination (Abyss:1)
  Maggie (D:7)
  Prince Ribbit (D:5)
  A small abomination (Abyss:1)
  Duvessa (D:5)
  2 water moccasins
  2 black bears
  2 ice beasts
  2 ogres
  A bullfrog (D:6)
  2 scorpions
  A gnoll sergeant (D:7)
  Dowan (D:5)
  A crimson imp (Abyss:1)
  2 bombardier beetles
  4 hounds
  2 jellies
  2 orc priests (D:5)
  2 gnoll boudas (D:6)
  2 sleepcaps
  An iron imp (Abyss:1)
  2 iguanas
  Ijyb (D:4)
  4 orc wizards
  Robin (D:3)
  18 gnolls
  8 adders
  A white imp (D:5)
  4 dart slugs
  2 ribbon worms
  24 orcs
  10 endoplasms
  3 giant cockroaches
  7 hobgoblins
  9 jackals
  4 quokkas
  10 ball pythons
  8 bats
  4 frilled lizards
  24 goblins
  7 kobolds
  4 rats
189 creatures vanquished.

Notes
Turn   | Place    | Note
-------+----------+-------------------------------------------
     0 | D:1      | qw the Deep Elf Hunter began the quest for the Orb.
     0 | D:1      | Reached XP level 1. HP: 12/12 MP: 3/3
     0 | D:1      | 0 ||| qw: Version: 0.3-a-160-g6735b56
     0 | D:1      | 0 ||| qw: Game counter: 5163
     0 | D:1      | 0 ||| qw: Melee chars always use a shield: true
     0 | D:1      | 0 ||| qw: God list: Okawaru
     0 | D:1      | 0 ||| qw: Allow faded altars: false
     0 | D:1      | 0 ||| qw: Do Orc after clearing Dungeon:15 true
     0 | D:1      | 0 ||| qw: Do second Lair branch before Depths: true
     0 | D:1      | 0 ||| qw: Lair rune preference: random
     0 | D:1      | 0 ||| qw: Goals: Normal
     0 | D:1      | 0 ||| PLANNING D:1-11
   134 | D:1      | Reached XP level 2. HP: 16/16 MP: 4/4
   160 | D:1      | Reached skill level 6 in Ranged Weapons
   223 | D:1      | Found a faded altar of an unknown god.
   314 | D:1      | Reached XP level 3. HP: 20/20 MP: 5/5
   577 | D:1      | 577 ||| UPGRADING to +0 ring mail.
   587 | D:1      | 587 ||| DROPPING +0 leather armour.
   588 | D:1      | 588 ||| UPGRADING to +6 ring of dexterity.
   589 | D:1      | 589 ||| READING scroll labelled RUOPTE BUKUTO.
   589 | D:1      | 589 ||| BRANDING +0 shortbow.
   590 | D:1      | 590 ||| DROPPING scroll of butterflies.
   620 | D:2      | Reached skill level 7 in Ranged Weapons
   627 | D:2      | 627 ||| STAIRDANCE
   633 | D:2      | 633 ||| STAIRDANCE
   821 | D:2      | Reached XP level 4. HP: 25/25 MP: 6/6
   884 | D:2      | Reached skill level 8 in Ranged Weapons
  1183 | D:2      | 1183 ||| READING scroll labelled DUEMEAKHLAMN.
  1184 | D:2      | 1184 ||| READING scroll labelled BUFOUM DOSASO.
  1184 | D:2      | 1184 ||| IDENTIFYING sapphire potion
  1185 | D:2      | 1185 ||| READING scroll labelled IPPUTO QIAMO.
  1302 | D:3      | 1302 ||| PLANNING SEWER
  1343 | D:3      | Reached skill level 3 in Dodging
  1429 | D:3      | Reached XP level 5. HP: 29/29 MP: 7/7
  1435 | D:3      | You fall into a shaft and drop 2 floors!
  1435 | D:5      | Entered Level 5 of the Dungeon
  1446 | D:5      | Noticed Duvessa
  1448 | D:5      | Noticed Dowan
  1449 | D:5      | 1449 ||| ZAPPING wand of light (10) at 5,-1 (Duvessa;
                  | floor).
  1450 | D:5      | 1450 ||| RETREEEEATING.
  1451 | D:5      | 1451 ||| RETREEEEATING.
  1452 | D:5      | 1452 ||| ZAPPING wand of light (9) at 3,-1 (Duvessa;
                  | floor).
  1453 | D:5      | 1453 ||| ZAPPING wand of light (8) at 2,-1 (Duvessa;
                  | floor).
  1454 | D:5      | 1454 ||| ZAPPING wand of light (7) at 1,0 (Duvessa; floor).
  1455 | D:5      | 1455 ||| ZAPPING wand of light (6) at 1,0 (Duvessa; floor).
  1456 | D:5      | 1456 ||| ZAPPING wand of light (5) at 1,0 (Duvessa; floor).
  1456 | D:5      | Killed Duvessa
  1457 | D:5      | Reached skill level 9 in Ranged Weapons
  1457 | D:5      | 1457 ||| ZAPPING wand of light (4) at 2,-1 (Dowan; floor).
  1458 | D:5      | 1458 ||| ZAPPING wand of light (3) at 1,0 (Dowan; floor).
  1458 | D:5      | Killed Dowan
  1459 | D:5      | Reached XP level 6. HP: 27/35 MP: 8/8
  1568 | D:5      | HP: 8/35 [orc/+0 trident (2)]
  1568 | D:5      | HP: 2/35 [orc/+0 trident (6)]
  1772 | D:5      | 1772 ||| UPGRADING to +0 ring mail of cold resistance.
  1782 | D:5      | 1782 ||| DROPPING +0 ring mail.
  1783 | D:5      | 1783 ||| UPGRADING to ring of protection from cold.
  1784 | D:5      | 1784 ||| READING scroll of identify.
  1784 | D:5      | 1784 ||| IDENTIFYING smoky yellow potion
  1785 | D:5      | 1785 ||| READING scroll labelled YFEUFF OQUTA.
  1786 | D:5      | 1786 ||| DROPPING potion of attraction.
  1826 | D:4      | Found a sacrificial altar of Ru.
  1828 | D:4      | Found a white marble altar of Elyvilon.
  1830 | D:4      | Found a glowing silver altar of Zin.
  1831 | D:4      | Noticed Ijyb
  1837 | D:4      | 1837 ||| DRINKING lumpy white potion.
  1838 | D:4      | 1838 ||| DRINKING orange potion.
  1839 | D:4      | Killed Ijyb
  1840 | D:4      | Reached skill level 10 in Ranged Weapons
  1844 | D:4      | 1844 ||| READING scroll of identify.
  1844 | D:4      | 1844 ||| IDENTIFYING emerald potion
  1845 | D:4      | 1845 ||| DROPPING potion of brilliance.
  2017 | D:3      | Found a glowing drain.
  2018 | D:3      | 2018 ||| UPGRADING to amulet of reflection.
  2027 | D:3      | 2027 ||| READING 2 scrolls of identify.
  2027 | D:3      | 2027 ||| IDENTIFYING bubbling red potion
  2028 | D:3      | 2028 ||| READING scroll of identify.
  2028 | D:3      | 2028 ||| IDENTIFYING scroll labelled DADAUKA ZYNI
  2029 | D:3      | 2029 ||| DROPPING scroll of immolation.
  2030 | D:3      | 2030 ||| DROPPING potion of degeneration.
  2040 | D:3      | 2040 ||| RIP SEWER
  2040 | D:3      | 2040 ||| PLANNING D:1-11
  2099 | D:3      | Noticed an ice beast
  2105 | D:3      | Killed an ice beast
  2106 | D:3      | Reached XP level 7. HP: 40/40 MP: 9/9
  2142 | D:3      | Noticed Robin
  2146 | D:3      | Killed Robin
  2151 | D:3      | 2151 ||| FLEEEEING.
  2152 | D:3      | 2152 ||| FLEEEEING.
  2294 | D:3      | 2294 ||| UPGRADING to +0 helmet.
  2299 | D:3      | 2299 ||| READING scroll of identify.
  2299 | D:3      | 2299 ||| IDENTIFYING 2 black potions
  2300 | D:3      | 2300 ||| READING scroll labelled TEIQYR DINLA.
  2300 | D:3      | 2300 ||| ENCHANTING +0 helmet.
  2301 | D:3      | 2301 ||| READING scroll labelled JESOTU TIUNAH.
  2303 | D:3      | 2303 ||| Stepping ~*~*~tactically~*~*~ (cloud).
  2481 | D:4      | Reached skill level 1 in Armour
  2483 | D:4      | 2483 ||| READING 2 scrolls of enchant armour.
  2483 | D:4      | 2483 ||| ENCHANTING +1 helmet.
  2484 | D:4      | 2484 ||| READING scroll of enchant armour.
  2484 | D:4      | 2484 ||| ENCHANTING +0 ring mail of cold resistance.
  2554 | D:4      | Found a glowing golden altar of the Shining One.
  2691 | D:4      | Reached skill level 11 in Ranged Weapons
  2752 | D:4      | Found a broken altar of Ashenzari.
  2878 | D:4      | 2878 ||| READING scroll labelled ROLOEN BAAKOSK.
  2882 | D:4      | 2882 ||| DRINKING 3 grey potions.
  2995 | D:5      | 2995 ||| READING scroll of enchant armour.
  2995 | D:5      | 2995 ||| ENCHANTING +1 ring mail of cold resistance.
  3141 | D:5      | Found a stormy altar of Qazlal.
  3195 | D:5      | Reached skill level 12 in Ranged Weapons
  3195 | D:5      | Reached XP level 8. HP: 44/44 MP: 10/10
  3261 | D:5      | Noticed Prince Ribbit
  3262 | D:5      | 3262 ||| DRINKING 2 potions of haste.
  3270 | D:5      | Killed Prince Ribbit
  3271 | D:5      | Reached skill level 3 in Fighting
  3690 | D:6      | Reached skill level 13 in Ranged Weapons
  3698 | D:6      | Found an ornate altar of the Wu Jian Council.
  3786 | D:6      | 3786 ||| RETREEEEATING.
  3790 | D:6      | 3790 ||| RETREEEEATING.
  3792 | D:6      | 3792 ||| RETREEEEATING.
  3908 | D:6      | Reached skill level 14 in Ranged Weapons
  3990 | D:6      | Found a staircase to the Ecumenical Temple.
  3991 | D:6      | 3991 ||| PLANNING TEMPLE
  3993 | D:6      | 3993 ||| READING 2 scrolls of identify.
  3993 | D:6      | 3993 ||| IDENTIFYING brown potion
  3994 | D:6      | 3994 ||| READING scroll of identify.
  3994 | D:6      | 3994 ||| IDENTIFYING scroll labelled ZAALOEPPUG
  3994 | D:6      | Identified a scroll of acquirement
  3995 | D:6      | 3995 ||| READING scroll of acquirement.
  3995 | D:6      | 3995 ||| ACQUIRING +5 shortbow of freezing
  3995 | D:6      | Acquired a +5 shortbow of freezing
  3997 | D:6      | 3997 ||| SWAPPING to +5 shortbow of freezing.
  3998 | D:6      | 3998 ||| DROPPING +0 shortbow of electrocution.
  3999 | D:6      | 3999 ||| READING scroll labelled VOLLOF AHIOJU.
  4000 | D:6      | 4000 ||| READING scroll labelled SELAJ XYRCHO.
  4000 | D:6      | 4000 ||| ENCHANTING +5 shortbow of freezing.
  4001 | D:6      | 4001 ||| DROPPING potion of invisibility.
  4007 | Temple   | Entered the Ecumenical Temple
  4008 | Temple   | 4008 ||| PLANNING OKAWARU WORSHIP
  4017 | Temple   | Became a worshipper of Warmaster Okawaru
  4018 | Temple   | 4018 ||| PLANNING D:1-11
  4180 | D:6      | Reached XP level 9. HP: 51/51 MP: 11/11
  4666 | D:7      | Found a blossoming altar of Fedhas.
  4685 | D:7      | Reached skill level 6 in Dodging
  4803 | D:7      | Noticed Maggie
  4804 | D:7      | 4804 ||| DRINKING potion of haste.
  4813 | D:7      | Killed Maggie
  4823 | D:7      | Reached * piety under Okawaru
  4961 | Abyss:1  | Cast into level 1 of the Abyss (gnoll sergeant)
  4963 | Abyss:1  | Noticed a large abomination
  4963 | Abyss:1  | 4963 ||| INVOKING Heroism.
  4977 | Abyss:1  | Killed a large abomination
  5019 | Abyss:1  | Reached skill level 1 in Invocations
  5022 | Abyss:1  | Noticed a reaper
  5023 | Abyss:1  | 5023 ||| INVOKING Heroism.
  5036 | Abyss:1  | HP: 5/52 [poisoned by a reaper]
  5036 | Abyss:1  | Annihilated by a reaper

Levels and vault maps discovered:
D:1:      psy_arrival_dodecagon, layout_basic,
          hellmonk_ecumenical_altar_leap_of_faith, minmay_stone_trees_small
D:2:      layout_basic
D:3:      kennysheep_the_goblin_king, layout_rooms,
          mainiacjoe_sewer_entry_somewhere_in_here_1, serial_bayou_pond_c,
          uniq_robin
D:4:      layout_cave_pools, mainiacjoe_overflow_brackets, tso_altar,
          chequers_temple_overflow_statue_of_worship, uniq_crazy_yiuf_cottage,
          uniq_ijyb
D:5:      layout_rooms, lemuel_coloured_pillars_altar, uniq_prince_ribbit1,
          uniq_duvessa
D:6:      layout_gridville, lemuel_doored_altar,
          minmay_temple_entry_enclosed_plants
D:7:      layout_layer_cave, mainiacjoe_overflow_paths, uniq_maggie
Temple:   nicolae_temple_great_sept
Abyss:1:  base:
D:4

Skill      XL: |  1  2  3  4  5  6  7  8  9 |
---------------+----------------------------+-----
Ranged Weapons | 6 7 8 9 10 12 14 | 14.0
Dodging        | 3 4 5 8 |  8.9
Fighting       | 2 3 4 |  4.0
Armour         | 1 |  1.9
Invocations    | 2 |  2.1
Stealth        | |  1.2

Action                     |  1- 3 |  4- 6 |  7- 9 || total
---------------------------+-------+-------+-------++-------
   Fire: Shortbow          |   105 |   129 |   302 ||   536
 Invoke: Heroism           |       |       |     2 ||     2
  Evoke: Wand              |       |     8 |       ||     8
    Use: Scroll            |     1 |     8 |    12 ||    21
         Potion            |       |     2 |     3 ||     5
 Armour: Leather armour    |    10 |       |       ||    10
         Ring mail         |    13 |    23 |    45 ||    81
  Dodge: Dodged            |    42 |    32 |    50 ||   124
  Block: Other             |       |       |    17 ||    17
         Reflection        |       |       |     1 ||     1

Table legend:
 A = Non-vault XP
 B = Vault XP
 C = Vault XP percentage of total XP
 D = Non-vault monster count
 E = Vault monster count
 F = Vault count percentage of total count
                 A         B        C        D         E       F
            +---------+---------+-------+---------+---------+-------
      Total |    3611 |     957 |  21.0 |     159 |      30 |  15.9
            +---------+---------+-------+---------+---------+-------
        D:1 |      65 |       0 |   0.0 |      37 |       0 |   0.0
        D:2 |     105 |       0 |   0.0 |      17 |       0 |   0.0
        D:3 |     275 |      60 |  17.9 |      26 |      25 |  49.0
        D:4 |     338 |      36 |   9.6 |      22 |       1 |   4.3
        D:5 |     525 |     496 |  48.6 |      21 |       3 |  12.5
        D:6 |    1022 |       0 |   0.0 |      19 |       0 |   0.0
        D:7 |     471 |     365 |  43.7 |      13 |       1 |   7.1
    Abyss:1 |     810 |       0 |   0.0 |       4 |       0 |   0.0
            +---------+---------+-------+---------+---------+-------
